 Dungeon Crawl Stone Soup version 0.24-a0-769-g368c1644f8 (webtiles) character file.

Game seed: 11960895284266772572, levelgen mode: deterministic

219 MalarOregon the Conjurer (level 5, 0/40 HPs)
             Began as a Draconian Conjurer on Oct 5, 2019.
             Was an Initiate of the Shining One.
             Slain by an orc
             ... wielding a +0 whip
              (4 damage)
             ... on level 4 of the Dungeon.
             The game lasted 00:09:30 (3958 turns).

MalarOregon the Conjurer (Draconian Conjurer)       Turns: 3958, Time: 00:09:31

Health: 0/40       AC:  5    Str: 11    XL:     5   Next: 63%
Magic:  6/9        EV:  9    Int: 16    God:    the Shining One [......]
Gold:   231        SH:  9    Dex: 11    Spells: 2/10 levels left

rFire    . . .     SeeInvis .   k - +0 short sword
rCold    . . .     Gourm    .   b - +2 shield
rNeg     . . .     Faith    .   (armour unavailable)
rPois    .         Spirit   .   (helmet restricted)
rElec    .         Reflect  .   (no cloak)
rCorr    .         Harm     .   (no gloves)
MR       .....                  (no boots)
Stlth    +.........             (no amulet)
HPRegen  0.13/turn              (no ring)
MPRegen  0.11/turn              (no ring)

@: very slightly contaminated, glowing
A: unfitting armour, cold-blooded, AC +5
a: Renounce Religion


You were on level 4 of the Dungeon.
You worshipped the Shining One.
The Shining One was noncommittal.
You were not hungry.

You visited 2 branches of the dungeon, and saw 5 of its levels.

You collected 231 gold pieces.

Inventory:

Hand Weapons
 k - a +0 short sword (weapon)
   (You took it off a kobold on level 1 of the Dungeon)
Armour
 b - a +2 shield (worn)
   (You found it on level 1 of the Dungeon)
Jewellery
 c - a +4 ring of dexterity {unknown}
   (You found it on level 1 of the Dungeon)
 l - an uncursed ring of positive energy {unknown}
   (You found it on level 2 of the Dungeon)
 o - an uncursed amulet of magic regeneration {unknown}
   (You found it on level 3 of the Dungeon)
 s - a cursed +3 ring of evasion {unknown}
   (You found it on level 3 of the Dungeon)
 w - an uncursed ring of protection from fire {unknown}
   (You found it on level 4 of the Dungeon)
Scrolls
 a - 2 scrolls of remove curse {unknown}
 f - 2 scrolls of teleportation {unknown}
 h - 2 scrolls of identify {unknown}
 i - a scroll of random uselessness {unknown}
 m - a scroll of enchant armour {unknown}
 q - a scroll of magic mapping {unknown}
 r - a scroll of noise {unknown}
 t - a scroll of blinking {unknown}
 u - a scroll of fear {unknown}
Potions
 d - 2 potions of curing {unknown}
 g - a potion of invisibility {unknown}
 j - 2 potions of brilliance {unknown}
 n - a potion of haste {unknown}
 p - a potion of agility {unknown}
Comestibles
 e - 6 rations {!d}
 v - 4 chunks of flesh


   Skills:
 - Level 1.0 Fighting
 - Level 1.7 Dodging
 - Level 1.7 Stealth
 + Level 2.2 Shields
 + Level 3.1 Spellcasting
 * Level 5.6 Conjurations


You had 2 spell levels left.
You knew the following spells:

 Your Spells              Type           Power        Failure   Level  Hunger
a - Magic Dart            Conj           ###.         10%         1    None
s - Dazzling Spray        Conj/Hex       ##....       65%         3    ###....
x - Iskenderun's Mystic   Conj           ###.....     67%         4    ####...

Your spell library contained the following spells:

 Spells                   Type           Power        Failure   Level  Hunger
 Searing Ray              Conj           ###...       14%         2    ##.....
 Force Lance              Conj/Tloc      ##......     96%         4    ####...
 Fulminant Prism          Conj/Hex       ##........   96%         4    ####...


Dungeon Overview and Level Annotations

Branches:
Dungeon (4/15)             Temple (1/1) D:4

Altars:
Ashenzari
Cheibriados
Dithmenos
Elyvilon
Fedhas
Gozag
Hepliaklqana
Kikubaaqudgha
Makhleb
Nemelex Xobeh
Okawaru
Qazlal
Ru
Sif Muna
Trog
Uskayaw
Vehumet
Wu Jian
Xom
Zin
The Shining One

Annotations:
D:2 1 runed translucent door, Crazy Yiuf, Sigmund


Innate Abilities, Weirdness & Mutations

Your plain brown scales are hard. (AC +5)
You cannot fit into any form of body armour.
You are cold-blooded and may be slowed by cold attacks.


Message History

You block the orc's attack.
Aim: an orc wizard, wielding a +0 dagger and wearing a +0 robe (severely wounded)
The magic dart hits the orc wizard.
The orc wizard casts a spell at you. The puff of flame misses you.
The puff of flame hits the orc!
The orc dies!
The phantom hits you.
* * * LOW HITPOINT WARNING * * *
Aim: an orc wizard, wielding a +0 dagger and wearing a +0 robe (almost dead)
The magic dart hits the orc wizard but does no damage.
The orc wizard hits you but does no damage.
The phantom blinks!
Unknown command.
Aim: an orc wizard, wielding a +0 dagger and wearing a +0 robe (almost dead)
The magic dart hits the orc wizard.
You kill the orc wizard!
Things that are here:
a +0 dagger; a +0 robe; an orc corpse You butcher the orc corpse.
The phantom hits you!
* * * LOW HITPOINT WARNING * * *
Items here: % ) [ รท a +0 dagger; a +0 robe; a chunk of flesh; an orc skeleton
v - 4 chunks of flesh (gained 1)
The phantom hits you but does no damage.
The phantom blinks!
There is a stone staircase leading down here.
There is an open door here.
You close the door.
You start resting.
The phantom is too close now for your liking.
The phantom blinks!
You see here a short sword.
There is an open door here.
As you close the door, it creaks loudly!
A phantom opens the door.
The phantom blinks!
There is a stone staircase leading down here.
Things that are here:
a +0 dagger; a +0 robe; an orc skeleton
There is a stone staircase leading down here.
You climb downwards.
You block the orc's attack. The orc hits you with a +0 whip.
* * * LOW HITPOINT WARNING * * *
The orc barely misses you. The orc closely misses you.
There is a stone staircase leading up here.
Aim: an orc, wielding a +0 whip The magic dart hits the orc.
The orc hits you with a +0 whip.
* * * LOW HITPOINT WARNING * * *
The orc hits you but does no damage. The orc hits you with a +0 whip.
You die...

#.##.##.....#............
#.##....#.###.. ##.......
.......#....###.# #......
#....#####....#.# ...#.#.
#...## #....#.####..##.#.
# #.... #....#.#....# #..
.....#. #......#..# ##.##
.... #.## #.........#
#.... ....
#..####@...#....####....
.....#.....o..
#.....##....#### ##....
.......###.###### #....
...##..........# #.... .
#..........# #....


You could see 2 orcs.

Vanquished Creatures
  A howler monkey (D:3)
  Jessica (D:2)
  An orc wizard (D:3)
  8 adders
  2 worms (D:2)
  A dart slug (D:1)
  3 leopard geckos
  2 orcs (D:4)
  5 goblins
  5 hobgoblins
  A quokka (D:2)
  6 bats
  5 frilled lizards
  9 kobolds
  A leopard gecko skeleton (D:4)
  5 rats
  3 plants (D:1)
59 creatures vanquished.

Vanquished Creatures (others)
  An orc (D:3)
1 creature vanquished.

Grand Total: 60 creatures vanquished

Notes
Turn   | Place    | Note
-------+----------+-------------------------------------------
     0 | D:1      | MalarOregon the Draconian Conjurer began the quest for the
                  | Orb.
     0 | D:1      | Reached XP level 1. HP: 14/14 MP: 3/3
   365 | D:1      | Reached XP level 2. HP: 22/22 MP: 1/5
   852 | D:1      | Reached skill level 1 in Fighting
  1396 | D:1      | Reached XP level 3. HP: 18/28 MP: 0/6
  1561 | D:2      | Reached skill level 1 in Shields
  1638 | D:2      | Noticed Jessica
  1644 | D:2      | Killed Jessica
  1644 | D:2      | Reached XP level 4. HP: 35/35 MP: 0/7
  1870 | D:2      | Reached skill level 5 in Conjurations
  2131 | D:2      | Found a runed translucent door.
  2132 | D:2      | Noticed Crazy Yiuf
  2160 | D:2      | Noticed Sigmund
  2456 | D:3      | Learned a level 3 spell: Dazzling Spray
  2461 | D:3      | Learned a level 4 spell: Iskenderun's Mystic Blast
  3128 | D:3      | Reached XP level 5. HP: 36/40 MP: 4/9
  3441 | D:4      | Found a staircase to the Ecumenical Temple.
  3450 | Temple   | Entered the Ecumenical Temple
  3537 | Temple   | Became a worshipper of the Shining One
  3764 | D:4      | Noticed a phantom
  3958 | D:4      | Slain by an orc

Levels and vault maps discovered:
D:1:      tarquinn_simple_flora_water_e, layout_rooms, lexackson_kobold_supper
D:2:      layout_rooms, serial_curves, eino_curves_04, eino_curves_02,
          uniq_sigmund, uniq_jessica, uniq_crazy_yiuf_cottage
D:3:      layout_loops_corners, first_ration
D:4:      layout_rooms, minmay_temple_entry_ruins
Temple:   dpeg_three_leaves_temple

Skill      XL: |  1  2  3  4  5 |
---------------+----------------+-----
Fighting       | 1 |  1.0
Shields        | 1 2 |  2.2
Conjurations   | 5 |  5.6
Spellcasting   | 3 |  3.1
Dodging        | |  1.7
Stealth        | |  1.7

Action                   |  1- 3 |  4- 6 || total
-------------------------+-------+-------++-------
Melee: Unarmed           |    23 |       ||    23
       Short sword       |   194 |    22 ||   216
       Tailslap          |    42 |     3 ||    45
 Cast: Magic Dart        |    46 |    82 ||   128
 Stab: Sleeping          |     1 |       ||     1
  Eat: Chunk             |     4 |     7 ||    11
Armor: Skin              |    14 |    14 ||    28
Dodge: Dodged            |    23 |    19 ||    42
Block: Shield            |    32 |    33 ||    65

Table legend:
 A = Non-vault XP
 B = Vault XP
 C = Vault XP percentage of total XP
 D = Non-vault monster count
 E = Vault monster count
 F = Vault count percentage of total count
                 A         B        C        D         E       F
            +---------+---------+-------+---------+---------+-------
      Total |     263 |      50 |  16.0 |      47 |       9 |  16.1
            +---------+---------+-------+---------+---------+-------
        D:1 |      31 |      13 |  29.5 |      12 |       8 |  40.0
        D:2 |      83 |      37 |  30.8 |      19 |       1 |   5.0
        D:3 |     128 |       0 |   0.0 |      11 |       0 |   0.0
        D:4 |      21 |       0 |   0.0 |       5 |       0 |   0.0
            +---------+---------+-------+---------+---------+-------
